 Dungeon Crawl Stone Soup version 0.25-a0-681-gdf4e720381 (webtiles) character file.

Game seed: 9311516898776653142, levelgen mode: deterministic

18931 DasRunzen the Covert (level 12, -2/88 HPs)
             Began as an Octopode Assassin on Mar 30, 2020.
             Slain by a porcupine (6 damage)
             ... on level 3 of the Lair of Beasts.
             The game lasted 00:41:35 (15939 turns).

DasRunzen the Covert (Octopode Assassin)           Turns: 15939, Time: 00:41:36

Health: -2/88      AC:  4    Str: 11    XL:     12   Next: 63%
Magic:  12/12      EV: 25    Int: 15    God:
Gold:   556        SH:  0    Dex: 18    Spells: 8/11 levels left

rFire    + + +     SeeInvis .   J - +7 great mace "Firestarter" {inner flame, rF++}
rCold    x . .     Gourm    .   (shield currently unavailable)
rNeg     + . .     Faith    .   i - +2 hat
rPois    .         Spirit   .   (no amulet)
rElec    .         Reflect  .   g - ring of stealth
rCorr    .         Harm     .   u - +5 ring of evasion
MR       +....                  B - ring of positive energy
Stlth    ++++++++..             E - ring of protection from magic
HPRegen  0.24/turn              I - ring of fire
MPRegen  0.13/turn              (no ring)
                                (no ring)
                                (no ring)

@: slowed, very slow
A: almost no armour, stealthy swim, amphibious, 8 rings, constrict 8, rugged
brown scales 1, camouflage 1, clever 1, gelatinous body 1
a: no special abilities


You were on level 3 of the Lair of Beasts.
You were not hungry.

You visited 3 branches of the dungeon, and saw 14 of its levels.

You collected 816 gold pieces.
You spent 260 gold pieces at shops.

Inventory:

Hand Weapons
 a - a +3 dagger
 J - the +7 great mace "Firestarter" (weapon) {inner flame, rF++}
   (You found it on level 2 of the Lair of Beasts)

   It has been specially enchanted to burn those struck by it, causing extra
   injury to most foes and up to half again as much damage against particularly
   susceptible opponents.
   It greatly protects you from fire.
Missiles
 b - 53 poisoned darts (quivered)
 c - 2 curare-tipped darts
 A - 8 atropa-tipped darts
Armour
 i - a +2 hat (worn)
 D - a +2 buckler of poison resistance
Jewellery
 g - a ring of stealth (left tentacle)
 u - a +5 ring of evasion (right tentacle)
 B - a ring of positive energy (on tentacle)
 E - a ring of protection from magic (on tentacle)
 H - an uncursed ring of protection from cold {unknown}
 I - a ring of fire (on tentacle)
Wands
 q - a wand of enslavement (13)
 r - a wand of digging (9)
 s - a wand of random effects (6)
 w - a wand of acid (6)
 y - a wand of disintegration (5)
 C - a wand of paralysis (4)
 G - a wand of iceblast (2)
Scrolls
 l - 4 scrolls of remove curse
 m - a scroll of fog
 o - 7 scrolls of teleportation
 x - 5 scrolls of identify
 F - a scroll of blinking
 K - a scroll of enchant armour
Potions
 e - 3 potions of lignification
 f - 3 potions of haste
 h - a potion of might
 j - a potion of brilliance
 n - 3 potions of berserk rage
 p - a potion of magic
 t - 3 potions of stabbing
 v - a potion of flight
 z - a potion of resistance
 L - a potion of curing
Comestibles
 d - 18 rations
 k - 3 chunks of flesh


   Skills:
 + Level 9.5 Fighting
 + Level 9.6 Short Blades
 + Level 2.8 Maces & Flails
 - Level 2.0 Throwing
 + Level 9.3 Dodging
 + Level 13.6 Stealth
 + Level 5.0 Shields
 + Level 5.0 Conjurations
 + Level 3.9 Translocations


You had 8 spell levels left.
You knew the following spells:

 Your Spells              Type           Power        Failure   Level  Hunger
a - Blink                 Tloc           N/A          9%          2    ###....
b - Magic Dart            Conj           ###.         3%          1    ##.....

Your spell library contained the following spells:

 Spells                   Type           Power        Failure   Level  Hunger
 Apportation              Tloc           ##....       5%          1    ##.....
 Shock                    Conj/Air       #...         10%         1    ##.....
 Animate Skeleton         Necr           N/A          26%         1    ##.....
 Corona                   Hex            #......      26%         1    ##.....
 Summon Small Mammal      Summ           #...         26%         1    ##.....
 Conjure Flame            Conj/Fire      ##......     28%         3    ####...
 Static Discharge         Conj/Air       #.......     28%         3    ####...
 Call Imp                 Summ           #.......     38%         2    ###....
 Slow                     Hex            #.......     38%         2    ###....
 Swiftness                Chrm/Air       #.......     38%         2    ###....
 Mephitic Cloud           Conj/Pois/Air  #.......     38%         3    ####...
 Airstrike                Air            #.........   95%         4    #####..
 Irradiate                Conj/Tmut      #.........   95%         5    ######.
 Lightning Bolt           Conj/Air       #.........   95%         5    ######.
 Hydra Form               Tmut           #.........   100%        6    #######
 Statue Form              Tmut/Erth      #........    100%        6    #######
 Dragon Form              Tmut           #.........   100%        7    #######


Dungeon Overview and Level Annotations

Branches:
Dungeon (10/15)            Temple (1/1) D:7            Lair (3/6) D:10
  Swamp (0/4) Lair:2        Snake (0/4) Lair:2
    Orc: D:9-12

Altars:
Ashenzari
Cheibriados
Elyvilon
Fedhas
Hepliaklqana
Kikubaaqudgha
Makhleb
Nemelex Xobeh
Okawaru
Qazlal
Ru
Sif Muna
Trog
Vehumet
Wu Jian
Xom
Yredelemnul
Zin
The Shining One

Shops:
D:9 }:[

Annotations:
D:8 exclusion: oklob sapling


Innate Abilities, Weirdness & Mutations

You cannot wear most types of armour.
You are very stealthy in the water. (Stealth+)
You are amphibious.
You can wear up to eight rings at the same time.
You can use your tentacles to constrict eight enemies at once.
Your skin changes colour to match your surroundings (Stealth+).
Your rubbery body absorbs attacks. (AC +1, EV +1)
You are partially covered in rugged brown scales. (AC +1, +3% HP)
Your mind is acute. (Int +2)


Message History

The torpor snail is filled with an inner flame.
Flame seeps out of the torpor snail.
You squeeze the torpor snail.
The torpor snail is almost dead.
The porcupine misses you. The porcupine bites you!
A porcupine comes into view.
The yak gores you!!
* * * LOW HITPOINT WARNING * * *
The porcupine closely misses you. The porcupine misses you.
The spiny frog is engulfed in blazing flames.
The torpor snail is engulfed in blazing flames.
The torpor snail explodes!
The fiery explosion engulfs you! You resist.
* * * LOW HITPOINT WARNING * * *
The fiery explosion engulfs the crocodile!!!
You kill the crocodile!
The fiery explosion engulfs the yak!!
The yak is heavily wounded.
Your Shields skill increases to level 5!
The porcupine bites you.
You die...

....... .. .#.P....P
...... .... ..#.....
r#..% #..##.......
#####%%.### #..###P.#...
.....%..#.####.......##..
..#%.....#...##......###.
.......F..§............?.
#...°r#°§.........####.
##.##r@Y%.P............
#...r...%..##.......
##....%.....###.##..
#....#......#######
#..........##
###..%...#.# #../....###
#...#.P.# #....####


You could see a yak, a spiny frog and 4 porcupines.

Vanquished Creatures
  Harold (D:7)
  A hydra (Lair:1)
  2 two-headed ogres
  Pikel (D:4)
  2 black mambas (Lair:2)
  5 elephants (Lair:2)
  A torpor snail (Lair:3)
  3 spiny frogs (Lair:2)
  A gargoyle (D:10)
  4 komodo dragons
  A troll (D:10)
  Grinder (D:6)
  5 hippogriffs
  A wraith (D:8)
  Eustachio (D:6)
  A wyvern (D:8)
  17 yaks
  A human (D:8)
  A basilisk (D:10)
  2 nagas (Lair:2)
  An acid dragon (D:10)
  5 water moccasins
  3 porcupines
  Purgy (D:4)
  An ice beast (D:5)
  A slave (D:3)
  2 orc warriors
  2 sky beasts
  4 ogres
  2 phantoms
  A necrophage (D:8)
  12 wolves
  A centaur (D:8)
  9 crocodiles
  A big kobold (D:5)
  10 bullfrogs
  Blork the orc (D:4)
  3 scorpions
  3 wights (D:9)
  3 electric eels (D:10)
  A howler monkey (D:4)
  5 crimson imps
  A centaur zombie (D:9)
  A quasit (D:10)
  9 hounds
  A jelly (D:7)
  5 orc priests
  4 orc wizards
  A bullfrog skeleton (D:5)
  2 iguanas
  8 worker ants
  A hound skeleton (D:9)
  7 gnolls
  10 adders
  5 shadow imps
  An ooze (D:5)
  2 adder zombies
  A worm (D:2)
  3 dart slugs
  6 leopard geckos
  22 orcs
  6 ball pythons (D:8)
  3 bats
  8 giant cockroaches
  6 goblins
  7 hobgoblins
  12 kobolds
  A quokka (D:4)
  5 frilled lizards
  A jackal zombie (D:6)
  A leopard gecko zombie (D:5)
  A quokka skeleton (D:7)
  12 rats
  A bush (D:8)
  A fungus (Lair:2)
  A plant (Lair:2)
280 creatures vanquished.

Vanquished Creatures (others)
  An adder (D:10)
  2 fungi (Lair:3)
  3 plants
6 creatures vanquished.

Grand Total: 286 creatures vanquished

Notes
Turn   | Place    | Note
-------+----------+-------------------------------------------
     0 | D:1      | DasRunzen the Octopode Assassin began the quest for the
                  | Orb.
     0 | D:1      | Reached XP level 1. HP: 14/14 MP: 1/1
   144 | D:1      | Reached XP level 2. HP: 19/19 MP: 2/2
   471 | D:2      | Reached XP level 3. HP: 25/25 MP: 3/3
   554 | D:2      | Found a glowing golden altar of the Shining One,
   909 | D:2      | Reached XP level 4. HP: 30/30 MP: 4/4
  1019 | D:2      | Reached skill level 6 in Stealth
  1258 | D:3      | Found a faded altar of an unknown god,
  1415 | D:3      | Found an ornate altar of the Wu Jian Council,
  2060 | D:3      | Reached XP level 5. HP: 32/36 MP: 5/5
  2500 | D:4      | Noticed a phantom
  2742 | D:4      | Noticed Purgy
  2750 | D:4      | Killed Purgy
  2750 | D:4      | Reached XP level 6. HP: 37/42 MP: 6/6
  2965 | D:3      | Reached skill level 7 in Stealth
  3163 | D:4      | Found a radiant altar of Vehumet,
  3206 | D:4      | Noticed Blork the orc
  3217 | D:4      | Killed Blork the orc
  3217 | D:4      | Reached XP level 7. HP: 24/48 MP: 7/7
  3975 | D:4      | Noticed Pikel
  3991 | D:4      | Killed Pikel
  3991 | D:4      | Reached skill level 5 in Fighting
  3991 | D:4      | Reached skill level 5 in Short Blades
  3991 | D:4      | Reached skill level 8 in Stealth
  3991 | D:4      | Reached XP level 8. HP: 22/55 MP: 8/8
  4111 | D:5      | Entered Level 5 of the Dungeon
  4785 | D:5      | Reached skill level 5 in Dodging
  4832 | D:5      | Reached skill level 9 in Stealth
  5134 | D:5      | Found a blossoming altar of Fedhas,
  5147 | D:5      | Found a stormy altar of Qazlal,
  5809 | D:6      | Reached XP level 9. HP: 62/62 MP: 9/9
  5870 | D:6      | Noticed Grinder
  6040 | D:6      | Noticed Eustachio
  6149 | D:6      | Killed Eustachio
  6149 | D:6      | Reached skill level 10 in Stealth
  6237 | D:6      | Found a sparkling altar of Nemelex Xobeh,
  6590 | D:6      | Killed Grinder
  6672 | D:6      | Gained mutation: Your mind is acute. (Int +2) [potion of
                  | mutation]
  6672 | D:6      | Gained mutation: You are partially covered in rugged brown
                  | scales. (AC +1, +3% HP) [potion of mutation]
  6761 | D:7      | Found a staircase to the Ecumenical Temple,
  6769 | Temple   | Entered the Ecumenical Temple
  7005 | D:7      | Noticed Harold
  7013 | D:7      | Killed Harold
  7215 | D:7      | Found a shattered altar of Ashenzari,
  8206 | D:8      | Reached skill level 11 in Stealth
  8206 | D:8      | Reached XP level 10. HP: 73/73 MP: 10/10
  8403 | D:8      | Noticed a two-headed ogre
  8408 | D:8      | Killed a two-headed ogre
  8694 | D:8      | Found a blossoming altar of Fedhas,
  9601 | D:9      | Found Loinahin's Antique Armour Emporium,
  9720 | D:9      | Found Gujoamme's Book Emporium,
  9736 | D:9      | Found Exkir's Gadget Boutique,
  9738 | D:9      | Bought a book of Minor Magic for 260 gold pieces
  9740 | D:9      | Learned a level 1 spell: Animate Skeleton
  9743 | D:9      | Learned a level 1 spell: Magic Dart
  9897 | D:9      | Reached skill level 12 in Stealth
  9916 | D:9      | Noticed a two-headed ogre
  9932 | D:9      | Killed a two-headed ogre
  9932 | D:9      | Reached skill level 1 in Shields
  9932 | D:9      | Reached skill level 1 in Conjurations
 10313 | D:10     | Entered Level 10 of the Dungeon
 10313 | D:10     | Noticed a gargoyle
 10321 | D:10     | Killed a gargoyle
 10321 | D:10     | Reached XP level 11. HP: 79/79 MP: 11/11
 10327 | D:10     | Found a staircase to the Lair,
 12372 | D:10     | Learned a level 2 spell: Blink
 12463 | Lair:1   | Entered Level 1 of the Lair of Beasts
 13083 | Lair:1   | Reached skill level 1 in Translocations
 13125 | Lair:1   | Noticed a seven-headed hydra
 13144 | Lair:1   | Killed a seven-headed hydra
 14129 | Lair:2   | Found a staircase to the Swamp,
 14156 | Lair:2   | Reached skill level 13 in Stealth
 14211 | Lair:2   | HP: 1/80 [crocodile (15)]
 14215 | Lair:2   | Found the +7 great mace "Firestarter" {inner flame, rF++}
 14583 | Lair:2   | Reached XP level 12. HP: 67/87 MP: 12/12
 14727 | Lair:2   | Reached skill level 1 in Maces & Flails
 15084 | Lair:2   | Found a staircase to the Snake Pit,
 15936 | Lair:3   | Reached skill level 5 in Conjurations
 15939 | Lair:3   | HP: 4/88 [torpor snail/exploding inner flame[the player
                  | character] (7)]
 15939 | Lair:3   | Reached skill level 5 in Shields
 15939 | Lair:3   | Slain by a porcupine

Levels and vault maps discovered:
D:1:      dpeg_arrival_pond, layout_basic, st_stairs_8
D:2:      kennysheep_big_flooded_room, layout_rooms, lemuel_statue_altar
D:3:      layout_rooms, lemuel_round_altar,
          chequers_ecumenical_altar_simple_redux, first_ration,
          wander_ebering_terrifying_dragon_lair
D:4:      layout_loops_ring, vehumet_crystals, nicolae_overflow_hidden_temple,
          uniq_purgy, uniq_blork_the_orc, uniq_pikel
D:5:      layout_gridville, grunt_temple_overflow_forces_of_nature,
          nrook_mini_backslash, chequers_serial_rivers_large_b
D:6:      layout_cave_pools, kennysheep_little_box, uniq_eustachio, uniq_grinder
D:7:      layout_layer_cave, lemuel_crystal_altar,
          minmay_temple_entry_drinking_statues, uniq_harold
D:8:      layout_loops_ring, kennysheep_big_empty_room, grunt_pizzeria,
          introduction_to_nature_2
D:9:      layout_irregular_city, serial_shops, nicolae_shop_behind_doors,
          shop_fountains, shop
D:10:     layout_cave_pools, erik_lair_island
Temple:   nicolae_temple_figure_eight
Lair:1:   layout_hall_layers
Lair:2:   layout_small_grid, swamp_mist, guppyfry_snake_entry_garden,
          grunt_megastairs_5
Lair:3:   layout_misc_corridors, beast_lair_carwin_1

Skill      XL: |  1  2  3  4  5  6  7  8  9 10 11 12 |
---------------+-------------------------------------+-----
Dodging        | 2 3 4 5 7 8 9 |  9.3
Stealth        | 6 7 8 9 11 12 13 | 13.6
Fighting       | 3 4 5 7 8 9 |  9.5
Short Blades   | 3 4 5 7 8 9 |  9.6
Shields        | 1 4 5 |  5.0
Conjurations   | 1 4 5 |  5.0
Translocations | 2 3 |  3.9
Maces & Flails | 2 |  2.8
Throwing       | |  2.0

Action                   |  1- 3 |  4- 6 |  7- 9 | 10-12 || total
-------------------------+-------+-------+-------+-------++-------
Melee: Dagger            |    75 |   100 |   272 |   669 ||  1116
       Constrict         |    25 |    19 |    35 |    54 ||   133
       Tentacles         |    10 |    20 |    62 |   196 ||   288
       Great mace        |       |       |       |    63 ||    63
Throw: Dart              |       |       |       |    13 ||    13
 Cast: Blink             |       |       |       |     1 ||     1
Evoke: Wand              |       |       |     6 |    12 ||    18
  Use: Scroll            |     4 |     7 |    10 |     9 ||    30
       Potion            |       |       |     1 |     7 ||     8
 Stab: Sleeping          |     4 |    14 |    17 |    32 ||    67
       Distracted        |     1 |     2 |     2 |     4 ||     9
  Eat: Chunk             |       |     7 |     7 |    23 ||    37
       Ration            |       |       |     2 |     1 ||     3
Armor: Skin              |     4 |     5 |    11 |    33 ||    53
Dodge: Dodged            |    37 |    53 |   119 |   500 ||   709
Block: Buckler           |       |       |       |   128 ||   128

Table legend:
 A = Non-vault XP
 B = Vault XP
 C = Vault XP percentage of total XP
 D = Non-vault monster count
 E = Vault monster count
 F = Vault count percentage of total count
                 A         B        C        D         E       F
            +---------+---------+-------+---------+---------+-------
      Total |   22317 |    4728 |  17.5 |     237 |      39 |  14.1
            +---------+---------+-------+---------+---------+-------
        D:1 |      33 |       3 |   8.3 |      17 |       2 |  10.5
        D:2 |      63 |       2 |   3.1 |      20 |       1 |   4.8
        D:3 |     222 |       1 |   0.4 |      19 |       1 |   5.0
        D:4 |     389 |     796 |  67.2 |      15 |       3 |  16.7
        D:5 |     833 |       0 |   0.0 |      29 |       0 |   0.0
        D:6 |     737 |     469 |  38.9 |      14 |       2 |  12.5
        D:7 |     117 |     981 |  89.3 |       6 |       1 |  14.3
        D:8 |    2076 |     510 |  19.7 |      20 |      15 |  42.9
        D:9 |    1728 |     243 |  12.3 |      16 |       2 |  11.1
       D:10 |    3139 |     787 |  20.0 |      26 |       7 |  21.2
     Lair:1 |    3017 |       0 |   0.0 |      13 |       0 |   0.0
     Lair:2 |    5947 |     693 |  10.4 |      20 |       3 |  13.0
     Lair:3 |    4016 |     243 |   5.7 |      22 |       2 |   8.3
            +---------+---------+-------+---------+---------+-------
